 Dungeon Sprint DCSS version 0.22.1-1-ga44c0e56f4 (webtiles) character file.

36741 MuseOD the Ninja (level 13, -35/65 HPs)
             Began as a Spriggan Enchanter on Sept 24, 2018.
             Was the Champion of Dithmenos.
             Annihilated by an Orb Guardian (41 damage)
             ... in the Dungeon (Sprint IV: "Fedhas' Mad Dash").
             The game lasted 00:19:54 (4022 turns).

MuseOD the Ninja (Spriggan Enchanter)               Turns: 4022, Time: 00:19:55

Health: -35/65     AC:  2    Str:  4    XL:     13   Next: 54%
Magic:  26/34      EV: 18    Int: 27    God:    Dithmenos [******]
Gold:   395        SH:  0    Dex: 16    Spells: 33/45 levels left

rFire    . . .     SeeInvis +   e - +6 quick blade
rCold    . . .     Gourm    .   (shield restricted)
rNeg     . . .     Faith    .   c - +0 robe (curse)
rPois    .         Spirit   .   (helmet restricted)
rElec    .         Reflect  .   (no cloak)
rCorr    .         Harm     .   (gloves unavailable)
MR       ++...     NoTele   +   (boots unavailable)
Stlth    ++++++....             i - amulet of invisibility {+Inv}
HPRegen  0.20/turn              (no ring)
MPRegen  0.24/turn              (no ring)

@: brilliant, weakened, wreathed by umbra, very quick
A: very small, unfitting armour, see invisible, herbivore, speed 3, slow
metabolism 2
0: Orb of Zot
a: Shadow Step, Shadow Form, Renounce Religion, Evoke Invisibility


You were in the Dungeon.
You worshipped Dithmenos.
Dithmenos was exalted by your worship.
You were not hungry.

You visited 1 branch You collected 395 gold pieces.

Inventory:

Hand Weapons
 e - a +6 quick blade (weapon)
 l - a +5 rapier of draining
Armour
 b - a +0 robe
 c - a cursed +0 robe (worn)
 f - the +2 faerie dragon scales {rElec rN+ rCorr Int-4, unknown}
   (You took it off the Enchantress in the Dungeon)

   It affects your intelligence (-4).
   It insulates you from electricity.
   It protects you from negative energy.
   It provides partial protection from all sources of acid and corrosion.
Jewellery
 a - the amulet "Yrapsec" {Spirit *Corrode Int-4 Dex+8 SInv}
   (You found it in the Dungeon)

   [amulet of guardian spirit]

   It causes incoming damage to be split between your health and magic.
   It affects your intelligence (-4).
   It affects your dexterity (+8).
   It lets you see invisible.
   It may corrode you when you take damage.
 i - the amulet of invisibility (around neck) {+Inv}
   (You found it in the Dungeon)

   [amulet of nothing]

   It lets you turn invisible.
 n - an uncursed amulet of guardian spirit
Scrolls
 j - a scroll of blinking
Potions
 h - 2 potions of magic
 o - 2 potions of degeneration {unknown}
Comestibles
 d - 4 rations


   Skills:
 - Level 5.9 Fighting
 + Level 22.8 Short Blades
 - Level 3.0 Dodging
 O Level 27 Stealth
 - Level 16.6 Spellcasting
 - Level 16.6 Hexes


You had 33 spell levels left.
You knew the following spells:

 Your Spells              Type           Power        Failure   Level  Hunger
a - Corona                Hex            #######      0%          1    None
b - Ensorcelled Hibernat  Hex/Ice        ######       1%          2    None
c - Confuse               Hex            #######.     0%          3    None
d - Dazzling Spray        Conj/Hex       ######       1%          3    None
e - Tukima's Dance        Hex            #######.     0%          3    None

Your spell library contained the following spells:

 Spells                   Type           Power        Failure   Level  Hunger
 Confusing Touch          Hex            ######       0%          1    None
 Animate Skeleton         Necr           N/A          1%          1    None
 Apportation              Tloc           #####.       1%          1    None
 Summon Small Mammal      Summ           ####         1%          1    None
 Gell's Gravitas          Tloc           #####.....   1%          3    None
 Metabolic Englaciation   Hex/Ice        ######....   1%          5    None
 Yara's Violent Unravell  Hex/Tmut       ######....   1%          5    None
 Petrify                  Tmut/Erth      #####...     2%          4    None


Dungeon Overview and Level Annotations

Branches:
Dungeon (1/1)

Altars:
Cheibriados
Dithmenos
Elyvilon
Gozag
Hepliaklqana
Kikubaaqudgha
Makhleb
Nemelex Xobeh
Okawaru
Qazlal
Ru
Sif Muna
Trog
Uskayaw
Vehumet
Wu Jian
Xom
Yredelemnul
Zin
The Shining One
Beogh
Jiyva
Lugonu

Shops:
D (=(**[}=*%((!:??*?}=(


Innate Abilities, Weirdness & Mutations

You are very small and have problems with some larger weapons.
You are too small for most types of armour.
You have supernaturally acute eyesight. (SInv)
You are a herbivore.
You cover ground extremely quickly.
You need to consume almost no food.


Message History

The orange demon resists with some effort.
Your shadow mimicks your spell!
The orange demon resists with almost no effort.
The orange demon misses you. x2
Casting: Confuse (safe; 0% risk of failure)
Confirm with . or Enter, or press ? or * to list all spells.
Aiming: Confuse (safe; 0% risk of failure)
Press: ? - help, Shift-Dir - straight line, f/p - orange demon
Aim: an orange demon (umbra, chance to defeat MR: 50%)
The orange demon resists with some effort.
A gelid demonspawn opens the door.
The orange demon stings you!
* * * LOW HITPOINT WARNING * * *
You emit a cloud of dark smoke.
The orange demon hits you.
* * * LOW HITPOINT WARNING * * *
You feel your attacks grow feeble.
It was a potion of brilliance.
You feel clever all of a sudden. The Orb Guardian hits you!!!
Ouch! That really hurt!
You die...

#################################
.#.⌠._._._._.⌠.#.('.[)#.†..##∩##)
.'.._._._._._..'..#.†.#....'.)##'
.#..._._._._...#..###'##..[##∩#..
##.._._._._._..#.(##∩∩.'...#####.
.#._._._._._.⌠.#################.
.###################.....[###....
##♣♣♣♣♣..♣(###.4@.'6.....['.'..)♣
'......♣..♣##..#X§#.P.....#######
#♣..♣♣♣.♣).###.##'##.P....#
#.♣♣..♣...♣'...#♣.♣########
################.....####
....X..# ###..♣..♣....###
.....P.#####.[.♣......♣...♣###
....(P.....X....♣.[...∩.∩..)}#
.....P...#####################


You could see an Orb Guardian, a gelid demonspawn and an orange demon.

Vanquished Creatures
  the Enchantress (D)
  Agnes (D)
  2 ghost moths (D)
  6 spriggan defenders (D)
  A hell beast (D)
  5 spriggan berserkers (D)
  4 spriggan druids (D)
  25 oklob plants (D)
  3 moths of wrath (D)
  4 demonic crawlers (D)
  3 wandering mushrooms (D)
  3 burning bushes (D)
  10 hornets (D)
  2 queen bees (D)
  2 scorpions (D)
  4 killer bees (D)
  5 oklob saplings (D)
  2 worker ants (D)
  11 spriggans (D)
  A river rat (D)
  A rat (D)
  6 ballistomycetes (D)
  2 ballistomycete spores (D)
104 creatures vanquished.

Vanquished Creatures (others)
  A ballistomycete (D)
  A ballistomycete spore (D)
2 creatures vanquished.

Grand Total: 106 creatures vanquished

Notes
Turn   | Place    | Note
-------+----------+-------------------------------------------
     0 | D        | MuseOD the Spriggan Enchanter began the quest for the Orb.
     0 | D        | Reached XP level 1. HP: 9/9 MP: 5/5
    27 | D        | Reached skill level 1 in Fighting
    27 | D        | Reached skill level 5 in Stealth
    27 | D        | Reached XP level 2. HP: 14/14 MP: 6/6
   165 | D        | Learned a level 2 spell: Ensorcelled Hibernation
   169 | D        | Noticed an oklob sapling
   171 | D        | Killed an oklob sapling
   171 | D        | Reached skill level 6 in Stealth
   171 | D        | Reached XP level 3. HP: 19/19 MP: 8/8
   174 | D        | Found the amulet of invisibility {+Inv}
   179 | D        | Reached skill level 5 in Short Blades
   179 | D        | Reached skill level 7 in Stealth
   330 | D        | Noticed an oklob sapling
   333 | D        | Killed an oklob sapling
   333 | D        | Reached XP level 4. HP: 24/24 MP: 6/9
   459 | D        | Found an opulent altar of Gozag.
   459 | D        | Found a hazy altar of Hepliaklqana.
   459 | D        | Found a roughly hewn altar of Beogh.
   459 | D        | Found a snail-covered altar of Cheibriados.
   460 | D        | Found a viscous altar of Jiyva.
   460 | D        | Found a burning altar of Makhleb.
   460 | D        | Found a sparkling altar of Nemelex Xobeh.
   460 | D        | Found a sacrificial altar of Ru.
   460 | D        | Found a deep blue altar of Sif Muna.
   460 | D        | Found a bloodstained altar of Trog.
   460 | D        | Found an ornate altar of the Wu Jian Council.
   460 | D        | Found a shimmering altar of Xom.
   460 | D        | Found a basalt altar of Yredelemnul.
   461 | D        | Found an iron altar of Okawaru.
   461 | D        | Found a shadowy altar of Dithmenos.
   461 | D        | Found a glowing silver altar of Zin.
   462 | D        | Found an ancient bone altar of Kikubaaqudgha.
   462 | D        | Found a hide-covered altar of Uskayaw.
   463 | D        | Found a stormy altar of Qazlal.
   463 | D        | Found a white marble altar of Elyvilon.
   463 | D        | Found a glowing golden altar of the Shining One.
   464 | D        | Found a radiant altar of Vehumet.
   464 | D        | Found a corrupted altar of Lugonu.
   467 | D        | Reached skill level 8 in Stealth
   470 | D        | Became a worshipper of Dithmenos the Shadowed
   572 | D        | Noticed a queen bee
   577 | D        | Killed a queen bee
   577 | D        | Reached skill level 5 in Fighting
   577 | D        | Reached skill level 10 in Short Blades
   577 | D        | Reached skill level 11 in Stealth
   577 | D        | Reached XP level 5. HP: 30/30 MP: 7/10
   577 | D        | Reached XP level 6. HP: 35/35 MP: 7/11
   579 | D        | Reached * piety under Dithmenos
   581 | D        | Reached skill level 12 in Stealth
   582 | D        | Reached XP level 7. HP: 39/39 MP: 8/14
   650 | D        | Noticed an oklob plant
   653 | D        | Killed an oklob plant
   653 | D        | Reached ** piety under Dithmenos
   653 | D        | Reached skill level 14 in Stealth
   693 | D        | Noticed a burning bush
   697 | D        | Killed a burning bush
   697 | D        | Reached XP level 8. HP: 44/44 MP: 19/21
   739 | D        | Reached *** piety under Dithmenos
   750 | D        | Found Zoafad's Magic Scroll Shop.
   750 | D        | Found Vaim's Book Emporium.
   759 | D        | Noticed a burning bush
   759 | D        | Noticed a wandering mushroom
   760 | D        | Noticed a wandering mushroom
   762 | D        | Killed a wandering mushroom
   762 | D        | Reached skill level 15 in Stealth
   764 | D        | Killed a burning bush
   764 | D        | Reached skill level 10 in Hexes
   765 | D        | Reached **** piety under Dithmenos
   765 | D        | Reached skill level 16 in Stealth
   767 | D        | Killed a wandering mushroom
   767 | D        | Reached skill level 10 in Spellcasting
   767 | D        | Reached XP level 9. HP: 48/48 MP: 21/24
   771 | D        | Found Jamuyn's Gadget Emporium.
   771 | D        | Found Bypheges's Magic Scroll Shoppe.
   820 | D        | Noticed a burning bush
   820 | D        | Noticed an oklob plant
   826 | D        | Learned a level 3 spell: Confuse
   828 | D        | Noticed a wandering mushroom
   829 | D        | Killed a burning bush
   833 | D        | Killed an oklob plant
   833 | D        | Reached skill level 17 in Stealth
   839 | D        | Killed a wandering mushroom
   906 | D        | Noticed a spriggan druid
   907 | D        | Killed a spriggan druid
   907 | D        | Reached skill level 18 in Stealth
   919 | D        | Noticed an oklob plant conjurer
   920 | D        | Killed an oklob plant conjurer
   920 | D        | Reached ***** piety under Dithmenos
   941 | D        | Learned a level 3 spell: Dazzling Spray
  1115 | D        | Noticed Agnes
  1117 | D        | Found Fynega's Magic Scroll Emporium.
  1117 | D        | Found Minox's General Store.
  1118 | D        | Killed Agnes
  1118 | D        | Reached skill level 19 in Stealth
  1118 | D        | Reached XP level 10. HP: 49/53 MP: 22/28
  1122 | D        | Noticed a spriggan berserker
  1124 | D        | Killed a spriggan berserker
  1124 | D        | Reached skill level 20 in Stealth
  1131 | D        | Noticed a spriggan defender
  1135 | D        | Killed a spriggan defender
  1152 | D        | Noticed a spriggan rider
  1156 | D        | Killed a spriggan rider
  1156 | D        | Reached skill level 15 in Hexes
  1156 | D        | Reached skill level 21 in Stealth
  1156 | D        | Reached skill level 15 in Spellcasting
  1164 | D        | Noticed a ghost moth
  1165 | D        | Found Kunn's Jewellery Boutique.
  1165 | D        | Found Unibodgh's Weapon Emporium.
  1165 | D        | Found Inkept's Antique Weapon Shoppe.
  1531 | D        | Reached XP level 11. HP: 56/56 MP: 27/31
  1840 | D        | Killed a ghost moth
  2000 | D        | Noticed an oklob plant meteorologist
  2002 | D        | Killed an oklob plant meteorologist
  2003 | D        | Noticed an oklob plant shifter
  2007 | D        | Killed an oklob plant shifter
  2007 | D        | Reached skill level 22 in Stealth
  2017 | D        | Noticed a spriggan rider
  2199 | D        | Noticed an oklob plant
  2199 | D        | Noticed an oklob plant summoner
  2201 | D        | Noticed an oklob plant shifter
  2205 | D        | Killed an oklob plant
  2207 | D        | Killed an oklob plant summoner
  2209 | D        | Killed an oklob plant shifter
  2237 | D        | Reached skill level 23 in Stealth
  2239 | D        | Noticed a spriggan rider
  2240 | D        | Found Doffexae's Jewellery Emporium.
  2245 | D        | Found Fiuzas's Antique Weapon Shoppe.
  2246 | D        | Reached ****** piety under Dithmenos
  2249 | D        | Killed a spriggan rider
  2324 | D        | Noticed an oklob plant summoner
  2325 | D        | Found Wuilubbo's Weapon Emporium.
  2325 | D        | Found Ohoxa's Distillery.
  2326 | D        | Killed an oklob plant summoner
  2335 | D        | Noticed an oklob plant demonologist
  2335 | D        | Noticed an oklob plant annihilator
  2336 | D        | Noticed a spriggan berserker
  2337 | D        | Found the +2 pair of boots of the Assassin {Detection Stab+
                  | Stlth++}
  2337 | D        | Killed a spriggan berserker
  2338 | D        | Killed an oklob plant demonologist
  2338 | D        | Reached skill level 24 in Stealth
  2339 | D        | Killed an oklob plant annihilator
  2508 | D        | Learned a level 3 spell: Tukima's Dance
  2518 | D        | Found Dinailan's General Store.
  2518 | D        | Found Sumpol's Antique Armour Boutique.
  2518 | D        | Found Lafuifukh's Jewellery Emporium.
  2519 | D        | Found Zobo's Food Emporium.
  2519 | D        | Found Waegheud's General Store.
  2519 | D        | Found Ruel's Gadget Shoppe.
  2519 | D        | Found Wygiv's Antique Weapon Shop.
  2519 | D        | Found Umafac's Assorted Antiques.
  2539 | D        | Noticed an oklob plant
  2539 | D        | Noticed an oklob plant
  2539 | D        | Noticed an oklob plant
  2540 | D        | Noticed an oklob plant
  2540 | D        | Noticed an oklob plant
  2540 | D        | Noticed an oklob plant
  2540 | D        | Noticed an oklob plant
  2541 | D        | Killed an oklob plant
  2542 | D        | Noticed an oklob plant
  2543 | D        | Killed an oklob plant
  2543 | D        | Reached XP level 12. HP: 60/60 MP: 33/33
  2559 | D        | Reached skill level 25 in Stealth
  2568 | D        | Reached skill level 15 in Short Blades
  2573 | D        | Reached skill level 26 in Stealth
  2689 | D        | Noticed a spriggan defender
  2689 | D        | Noticed a spriggan defender
  2691 | D        | Killed a spriggan defender
  2692 | D        | Killed a spriggan defender
  2721 | D        | Reached skill level 27 in Stealth
  2728 | D        | Noticed a spriggan defender
  2990 | D        | Got a heavily runed zirconium amulet
  2992 | D        | Identified the amulet "Yrapsec" {Spirit *Corrode Int-4
                  | Dex+8 SInv} (You found it in the Dungeon)
  3174 | D        | Killed a spriggan defender
  3226 | D        | Noticed the Enchantress
  3245 | D        | Killed the Enchantress
  3245 | D        | Reached XP level 13. HP: 17/65 MP: 12/34
  3247 | D        | Got faerie dragon scales
  3597 | D        | Noticed a ghost moth
  3601 | D        | Killed a ghost moth
  3620 | D        | Noticed a spriggan defender
  3622 | D        | Noticed a spriggan defender
  3623 | D        | Killed a spriggan defender
  3624 | D        | Killed a spriggan defender
  3732 | D        | Got the Orb of Zot
  3904 | D        | Noticed an Orb Guardian
  3947 | D        | Noticed a blizzard demon
  4022 | D        | Annihilated by an Orb Guardian

Skill      XL: |  1  2  3  4  5  6  7  8  9 10 11 12 13 |
---------------+----------------------------------------+-----
Fighting       | 1 2 3 5 |  5.9
Short Blades   | 3 4 6 10 11 13 19 22 | 22.8
Stealth        | 5 6 7 11 12 14 16 19 21 24 27 | 27.0
Spellcasting   | 4 8 10 13 15 16 | 16.6
Hexes          | 4 8 10 13 15 16 | 16.6
Dodging        | |  3.0

Action                   |  1- 3 |  4- 6 |  7- 9 | 10-12 | 13-15 || total
-------------------------+-------+-------+-------+-------+-------++-------
Melee: Dagger            |     6 |     6 |    18 |       |       ||    30
       Rapier            |       |       |    23 |    70 |       ||    93
       Quick blade       |       |       |       |    13 |    20 ||    33
 Cast: Ensorcelled Hiber |     1 |       |       |     1 |       ||     2
       Confuse           |       |       |     2 |    12 |     9 ||    23
       Dazzling Spray    |       |       |     1 |    21 |     1 ||    23
       Tukima's Dance    |       |       |       |     1 |       ||     1
Invok: Shadow Step       |       |       |     2 |    12 |     8 ||    22
 Abil: Evoke Invisibilit |     1 |     2 |     1 |     3 |       ||     7
  Use: Potion            |     1 |       |       |     3 |     2 ||     6
       Scroll            |       |       |       |     1 |     1 ||     2
 Stab: Sleeping          |     3 |     6 |    15 |    38 |     8 ||    70
       Confused          |       |       |     2 |     5 |     4 ||    11
       Invisible         |       |       |       |     9 |     2 ||    11
       Distracted        |       |       |       |       |     1 ||     1
  Eat: Ration            |       |       |       |     1 |     1 ||     2
Dodge: Dodged            |     3 |       |       |    41 |    15 ||    59
